 Dungeon Crawl Stone Soup version 0.27-a0-1105-g946c659c87 (webtiles) character file.

Game seed: 14497661960510607270

51 bisexualwizard the Poker (level 3, 0/24 (27) HPs)
             Began as a Merfolk Gladiator on Apr 29, 2021.
             Slain by a necrophage (6 damage)
             ... on level 2 of the Dungeon.
             The game lasted 00:02:47 (1545 turns).

bisexualwizard the Poker (Merfolk Gladiator)        Turns: 1545, Time: 00:02:48

HP:   0/24 (27)     AC:  7    Str: 15    XL:     3   Next: 81%
MP:   3/3           EV: 12    Int:  7    God:
Gold: 24            SH:  0    Dex: 15    Spells: 2/2 levels left

rFire    + . .     SeeInvis .   a - +0 trident
rCold    . . .     Faith    .   (no shield)
rNeg     . . .     Spirit   .   k - +1 ring mail {rF+}
rPois    .         Reflect  .   c - +0 helmet
rElec    .         Harm     .   (no cloak)
rCorr    .         Rampage  .   (no gloves)
Will     .....                  (no boots)
Stlth    +.........             (no amulet)
HPRegen  0.08/turn              (no ring)
MPRegen  0.08/turn              (no ring)

@: heavily drained
A: (nimble swimmer 2), mertail
a: no special abilities


You were on level 2 of the Dungeon.
You visited 1 branch of the dungeon, and saw 2 of its levels.

You collected 24 gold pieces.

Inventory:

Hand Weapons
 a - a +0 trident (weapon)
Missiles
 d - 3 throwing nets (quivered)
Armour
 b - a +0 leather armour
 c - a +0 helmet (worn)
 k - a +1 ring mail of fire resistance (worn)
Wands
 h - a wand of polymorph (8)
Scrolls
 e - a scroll of fear {unknown}
 f - a scroll of noise {unknown}
 j - a scroll of torment {unknown}
 l - a scroll of identify {unknown}
 m - a scroll of blinking {unknown}
Potions
 g - a potion of heal wounds {unknown}
 i - a potion of flight {unknown}


   Skills:
 + Level 2.3 Fighting
 * Level 5.7 Polearms
 - Level 2.0 Throwing
 + Level 0.7 Armour
 + Level 4.6 Dodging
 + Level 0.2 Stealth


You had 2 spell levels left.
You didn't know any spells.
Your spell library was empty.

Dungeon Overview and Level Annotations

Branches:
Dungeon (2/15)

Altars:


Innate Abilities, Weirdness & Mutations

((You are quick and stealthy near water. (Stealth+, EV+, Speed+++)))
Your lower body shifts to a powerful aquatic tail in water.


Message History

No target in view!
A necrophage comes into view.
Found a stone staircase leading down.
You closely miss the necrophage. The necrophage closely misses you.
You closely miss the necrophage. The necrophage misses you.
Your ring mail prevents you from hitting the necrophage.
The necrophage hits you.
You hit the necrophage.
The necrophage is lightly damaged.
The necrophage closely misses you.
You barely miss the necrophage.
The necrophage is lightly damaged.
The necrophage misses you.
You hit the necrophage.
The necrophage is moderately damaged.
The necrophage misses you.
You hit the necrophage.
The necrophage is moderately damaged.
The necrophage hits you.
You closely miss the necrophage.
The necrophage is moderately damaged.
The necrophage hits you!
You feel drained.
You puncture the necrophage!
The necrophage is severely damaged.
The necrophage hits you.
You feel drained.
You are too injured to fight recklessly!
The necrophage misses you.
There is an open door here.
You are too injured to fight recklessly!
You are too injured to fight recklessly!
You are too injured to fight recklessly!
You are too injured to fight recklessly!
You hit the necrophage but do no damage.
The necrophage is severely damaged.
The necrophage hits you.
* * * LOW HITPOINT WARNING * * *
You hit the necrophage but do no damage.
The necrophage is severely damaged.
The necrophage hits you.
You die...

#.............# ..
.........#...###...
........................
........................
.....#.......##.........
.....'.......'..(.......
.....#.......#..........
.....#.......#.n........
.....##########.@.##...
..................# .
..................#
####..............# ......#.
#...(............. #....(..
#.....######......+ +.......
####....)# #......#####... ...
.........######.............# #..
.....##......##...###..)....###..


You could see a necrophage.

Vanquished Creatures
  A gnoll (D:1)
  A worm (D:2)
  3 dart slugs
  2 ball pythons
  7 endoplasms
  2 giant cockroaches
  A goblin (D:1)
  3 hobgoblins (D:1)
  5 kobolds
  A quokka (D:2)
  2 bats (D:1)
  A frilled lizard (D:1)
  2 rats
31 creatures vanquished.

Notes
Turn   | Place    | Note
-------+----------+-------------------------------------------
     0 | D:1      | bisexualwizard the Merfolk Gladiator began the quest for
                  | the Orb.
     0 | D:1      | Reached XP level 1. HP: 16/16 MP: 1/1
   352 | D:1      | Reached XP level 2. HP: 21/22 MP: 2/2
   544 | D:1      | Reached skill level 5 in Polearms
   544 | D:1      | Reached XP level 3. HP: 27/27 MP: 3/3
   766 | D:1      | Found a faded altar of an unknown god.
  1526 | D:2      | Noticed a necrophage
  1545 | D:2      | Slain by a necrophage

Illustrated notes

Levels and vault maps discovered:
D:1:      dpeg_arrival_chambers_temple_mockup, layout_rooms,
          hellmonk_ecumenical_altar_lost_god, corexii_leaking_fountain
D:2:      layout_basic, minmay_misc_feat_pillars

Skill      XL: |  1  2 |
---------------+-------+-----
Polearms       | 5 |  5.7
Fighting       | |  2.3
Throwing       | |  2.0
Armour         | |  0.7
Dodging        | |  4.6
Stealth        | |  0.2

Action                   || total
-------------------------++-------
Melee: Trident           ||   102
 Stab: Sleeping          ||     1
Armor: Leather armour    ||     9
       Ring mail         ||     6
Dodge: Dodged            ||    47

Table legend: (Time is in decaauts)
 A = Elapsed time spent in this place.
 B = Non-inter-level travel time spent in this place.
 C = Inter-level travel time spent in this place.
 D = Time resting spent in this place.
 E = Time spent auto-exploring this place.
 F = Levels seen in this place.
 G = Mean time per level.
                   A        B        C        D        E       F      G
               +--------+--------+--------+--------+--------+-----+--------+
         Total |   1548 |   1522 |     26 |    583 |    688 |   2 |  774.0 |
       Dungeon |   1548 |   1522 |     26 |    583 |    688 |   2 |  774.0 |
               +--------+--------+--------+--------+--------+-----+--------+

Top non-repeatable levels by time:
     D:1: 1008 daAuts
     D:2: 540 daAuts
